AoeStats
← Kikin3277

Arabia

510575789Analyzed
1v1 RM · 2d ago on Oct 1, 2026· 27m 17s· 2 players
Game mode
Random Map
Map size
Tiny (2 player)
Population
200
Speed
Normal
Resources
Standard
Victory
Conquest
Starting age
Dark Age
Ending age
Imperial Age
RankedLock teamsTeams togetherTeam positionsShared explorationLock speedFull tech treeHidden civsTurbo modeCheats
Victory
Defeat
🇲🇽 Ethiopians · Mexico
987
+17
🇦🇷 Japanese · Argentina
1014
-17
KadabRa
7:20 Loom
9:47 Feudal Age
15:49 Fletching
18:26 Double-Bit Axe
24:15 Castle Age
24:59 Crossbowman
Kikin3277
11:05 Feudal Age
11:41 Man-at-Arms
14:50 Loom
14:52 Double-Bit Axe
23:00 Castle Age
22:35 Scale Mail Armor
23:17 Long Swordsman
Connection lost

Rejoining the realm…

Still unreachable

The connection could not be restored.

Session expired

The server has moved on; the page needs a fresh start.